 Dungeon Crawl Stone Soup version 0.27.1-34-g3ba077fa99 (webtiles) character file.

Game seed: 14441956475048469783

501 unlimited1921 the Chopper (level 6, -1/55 HPs)
             Began as a Minotaur Fighter on Jan 3, 2022.
             Slain by an orc priest (4 damage)
             ... on level 4 of the Dungeon.
             The game lasted 00:09:49 (3639 turns).

unlimited1921 the Chopper (Minotaur Fighter)        Turns: 3639, Time: 00:09:50

Health: -1/55      AC: 11    Str: 22    XL:     6   Next: 95%
Magic:  5/5        EV:  8    Int:  5    God:
Gold:   119        SH:  0    Dex: 10    Spells: 5/5 levels left

rFire    . . .     SeeInvis .   a - +0 war axe (freeze)
rCold    . . .     Faith    .   c - +0 kite shield
rNeg     . . .     Spirit   .   b - +0 scale mail
rPois    +         Reflect  .   (helmet restricted)
rElec    .         Harm     .   l - +2 cloak {rPois}
rCorr    .         Rampage  .   t - +0 pair of gloves
Will     .....                  (no boots)
Stlth    ..........             (no amulet)
HPRegen  0.18/turn              (no ring)
MPRegen  0.09/turn              (no ring)

@: confused, very slightly contaminated, invisible
A: horns 2, retaliatory headbutt
a: no special abilities


You were on level 4 of the Dungeon.
You visited 1 branch of the dungeon, and saw 4 of its levels.

You collected 119 gold pieces.

Inventory:

Hand Weapons
 a - a +0 war axe of freezing (weapon)
 f - a +1 dagger of draining
Missiles
 u - 13 poisoned darts (quivered)
Armour
 b - a +0 scale mail (worn)
 c - a +0 kite shield (worn)
 l - a +2 cloak of poison resistance (worn)
 t - a +0 pair of gloves (worn)
Scrolls
 g - a scroll of teleportation
 i - 3 scrolls of brand weapon
 j - 2 scrolls of fear
 p - a scroll of torment
 s - a scroll of identify
Potions
 d - a potion of flight {unknown}
 e - 2 potions of berserk rage {unknown}
 h - a potion of might
 k - a potion of mutation {unknown}
 m - a potion of curing {unknown}
 n - a potion of lignification {unknown}
 o - a potion of invisibility
 q - 2 potions of heal wounds {unknown}
 r - a potion of magic {unknown}
 v - a potion of brilliance {unknown}


   Skills:
 + Level 4.8 Fighting
 + Level 5.8 Axes
 + Level 5.4 Armour
 + Level 1.4 Dodging
 + Level 0.5 Stealth
 + Level 5.3 Shields


You had 5 spell levels left.
You didn't know any spells.
Your spell library was empty.

Dungeon Overview and Level Annotations

Branches:
Dungeon (4/15)
 Temple: D:4-7

Altars:
Ashenzari
Uskayaw
Yredelemnul


Innate Abilities, Weirdness & Mutations

You have a pair of horns on your head.
You reflexively headbutt those who attack you in melee.


Message History

You're too confused to move!
The orc wizard closely misses you.
You barely miss the orc wizard. Your headbutt misses the orc wizard.
The orc wizard is moderately wounded.
You miss something.
The orc wizard gestures at you while chanting.
You are more confused.
Something hits you but does no damage.
You hear some strange, mumbled words.
A puff of flame appears from out of thin air!
The puff of flame hits you.
There is an open door here.
You bump into the rock wall.
The orc priest hits you with a +0 whip.
The orc priest calls down the wrath of Beogh upon you.
Beogh smites you!
* * * LOW HITPOINT WARNING * * *
You hear some strange, mumbled words.
A magic dart appears from out of thin air!
The magic dart hits you!
* * * LOW HITPOINT WARNING * * *
You are too confused!
You fade into invisibility!
The orc priest hits you but does no damage.
The orc wizard casts a spell at you. The puff of flame misses you.
Something hits you.
* * * LOW HITPOINT WARNING * * *
You are very lightly contaminated with residual magic.
You slash the orc priest! You freeze the orc priest.
The orc priest is severely wounded.
You hit the orc wizard but do no damage.
You miss something. The orc priest hits you with a +0 whip.
* * * LOW HITPOINT WARNING * * *
The orc wizard gestures at you while chanting.
The puff of flame misses you.
The orc priest mumbles some strange prayers to Beogh against the orc priest.
Something writhes in agony.
Reactivating autopickup.
You feel a bit more experienced. The orc priest barely misses you.
The orc wizard hits you but does no damage.
You bump into the rock wall.
The orc priest hits you with a +0 whip.
You die...

....#
#.....##+#####....#
#.....#...........#
#.....#.....(..>..#
#.....#...........#
#.....+o..†)......#
##.....#...##......#
.......#)..##o.....#
.......@o..##......#
.......#o...#..o...#
.......#....#......#
.......#....#......#
.......#)...#......#
.......#'####.##...#
#############.#
#.........#...#
#.........'...#


You could see 2 orc priests and an orc wizard.

Vanquished Creatures
  Grinder (D:3)
  Blork the orc (D:4)
  Natasha (thrice) (D:3)
  3 adders
  3 gnolls (D:3)
  An adder skeleton (D:4)
  5 worms
  A dart slug (D:2)
  4 orcs
  5 bats
  7 endoplasms
  3 giant cockroaches
  5 hobgoblins
  3 jackals (D:1)
  4 quokkas
  8 ball pythons
  8 frilled lizards
  8 goblins
  4 kobolds
  7 rats
84 creatures vanquished.

Vanquished Creatures (others)
  An orc wizard (D:4)
1 creature vanquished.

Grand Total: 85 creatures vanquished

Notes
Turn   | Place    | Note
-------+----------+-------------------------------------------
     0 | D:1      | unlimited1921 the Minotaur Fighter began the quest for the
                  | Orb.
     0 | D:1      | Reached XP level 1. HP: 19/19 MP: 0/0
   476 | D:1      | Reached XP level 2. HP: 22/27 MP: 1/1
   577 | D:1      | Found a faded altar of an unknown god.
  1515 | D:2      | Reached XP level 3. HP: 33/33 MP: 2/2
  1815 | D:2      | Found a broken altar of Ashenzari.
  2207 | D:3      | Reached XP level 4. HP: 40/40 MP: 3/3
  2281 | D:3      | Found a hide-covered altar of Uskayaw.
  2376 | D:3      | Found a basalt altar of Yredelemnul.
  2492 | D:3      | Noticed Grinder
  2496 | D:3      | Noticed Natasha
  2498 | D:3      | Paralysed by something for 3 turns
  2502 | D:3      | Killed Natasha
  2503 | D:3      | Reached XP level 5. HP: 44/46 MP: 4/4
  2504 | D:3      | Paralysed by something for 5 turns
  2530 | D:3      | Paralysed by something for 7 turns
  2539 | D:3      | Paralysed by Grinder for 4 turns
  2976 | D:3      | Paralysed by Grinder for 6 turns
  2985 | D:3      | Killed Grinder
  2986 | D:3      | Reached skill level 5 in Axes
  2986 | D:3      | Reached skill level 5 in Armour
  2986 | D:3      | Reached skill level 1 in Dodging
  2986 | D:3      | Reached skill level 5 in Shields
  2986 | D:3      | Reached XP level 6. HP: 53/53 MP: 5/5
  3274 | D:3      | Noticed Natasha
  3280 | D:3      | Killed Natasha
  3334 | D:3      | Noticed Natasha
  3337 | D:3      | Killed Natasha
  3565 | D:4      | Noticed Blork the orc
  3570 | D:4      | Killed Blork the orc
  3638 | D:4      | HP: 2/55 [orc priest (4)]
  3639 | D:4      | Slain by an orc priest

Illustrated notes

Levels and vault maps discovered:
D:1:      minmay_arrival_widening_spiral_narrow, layout_loops_ring,
          basic_ecumenical_altar, minmay_hexomino_c4
D:2:      layout_basic, basic_altar, minivault_23, minmay_misc_feat_five,
          kennysheep_generic_room_4
D:3:      layout_loops_ring, old_standard_altar, mainiacjoe_overflow_24_doors,
          kennysheep_generic_room_2, uniq_natasha, uniq_grinder
D:4:      layout_gridville, vehumet_crystals, uniq_blork_the_orc, uniq_edmund

Skill      XL: |  1  2  3  4  5 |
---------------+----------------+-----
Shields        | 4 5 |  5.3
Armour         | 4 5 |  5.4
Fighting       | 4 |  4.8
Axes           | 3 5 |  5.8
Dodging        | 1 |  1.4
Stealth        | |  0.5

Action                   |  1- 3 |  4- 6 || total
-------------------------+-------+-------++-------
Melee: War axe           |   111 |    93 ||   204
       Headbutt          |    12 |    16 ||    28
  Use: Scroll            |     5 |     2 ||     7
       Potion            |       |     2 ||     2
Armor: Scale mail        |    57 |    58 ||   115
Dodge: Dodged            |    40 |    24 ||    64
Block: Kite shield       |    66 |    47 ||   113
